 Dungeon Crawl Stone Soup version 0.27-a0-1066-g29160eaed2 (webtiles) character file.

Game seed: 7716321001031386723

10351 Feb132020 the Thaumaturge (level 11, -18/48 HPs)
             Began as a Spriggan Conjurer on Apr 24, 2021.
             Was a Priest of Vehumet.
             Killed from afar by a fire dragon (42 damage)
             ... with a blast of flame
             ... on level 10 of the Dungeon.
             The game lasted 01:10:52 (11188 turns).

Feb132020 the Thaumaturge (Spriggan Conjurer)      Turns: 11188, Time: 01:10:52

Health: -18/48     AC:  9    Str:  1      XL:     11   Next: 35%
Magic:  22/40      EV: 18    Int: 26 (27) God:    Vehumet [***...]
Gold:   507        SH:  0    Dex: 14      Spells: 15/35 levels left

rFire    . . .     SeeInvis +   a - staff of conjuration
rCold    . . .     Faith    .   (shield currently unavailable)
rNeg     . . .     Spirit   .   v - +2 robe {Will+}
rPois    .         Reflect  .   (helmet restricted)
rElec    .         Harm     .   x - +0 cloak
rCorr    .         Rampage  .   (gloves unavailable)
Will     ++...                  (boots unavailable)
Stlth    ++++......             y - amulet of regeneration
HPRegen  1.16/turn              o - +4 ring of protection
MPRegen  0.27/turn              H - ring of Elodih {MP+9 Int+6 Slay-5 SInv}

@: very quick
A: very small, no large weapons, unfitting armour, see invisible, speed 3,
antennae 1, clumsy 1, deterioration 1, high mp 1, weak 1
a: Renounce Religion


You were on level 10 of the Dungeon.
You worshipped Vehumet.
Vehumet was most pleased with you.
You visited 2 branches of the dungeon, and saw 11 of its levels.
You also visited: Bailey.

You collected 595 gold pieces.
You spent 88 gold pieces at shops.

Inventory:

Hand Weapons
 b - a +4 short sword
 h - the +0 hand axe of Spontaneous Combustion {vorpal, rC++ Will- Dex+4}
   (You found it on level 6 of the Dungeon)

   It inflicts extra damage upon your enemies.
   It affects your dexterity (+4).
   It greatly protects you from cold.
   It decreases your willpower.
 I - a +1 dagger of draining
Missiles
 d - 7 atropa-tipped darts
 A - 2 curare-tipped darts
 B - 2 throwing nets
 G - 8 poisoned darts
Armour
 v - a +2 robe of willpower (worn)
 x - a +0 cloak (worn)
Magical Staves
 a - a staff of conjuration (weapon)
 D - a staff of death
 F - a staff of fire
Jewellery
 g - a ring of see invisible
 k - a +6 ring of intelligence
 o - a +4 ring of protection (left hand)
 y - an amulet of regeneration (around neck)
 z - a +4 ring of slaying
 H - the ring of Elodih (right hand) {MP+9 Int+6 Slay-5 SInv}
   (You found it on level 7 of the Dungeon)

   [ring of intelligence]

   It affects your intelligence (+6).
   It affects your accuracy and damage with ranged weapons and melee attacks
   (-5).
   It affects your magic capacity (+9).
   It lets you see invisible.
 K - a +4 ring of slaying
Wands
 j - a wand of polymorph (13)
 w - a wand of iceblast (4)
 L - a wand of flame (12)
Scrolls
 c - a scroll of blinking
 e - 3 scrolls of magic mapping
 i - a scroll of enchant armour
 p - a scroll of fear
 q - a scroll of teleportation
 t - 2 scrolls of vulnerability
 J - a scroll of fog {unknown}
 M - a scroll of enchant weapon
Potions
 f - 5 potions of flight
 l - a potion of lignification
 m - 5 potions of heal wounds
 n - a potion of degeneration {unknown}
 r - a potion of haste {unknown}
 s - 4 potions of brilliance
 u - 2 potions of magic
 C - a potion of curing {unknown}
 E - a potion of ambrosia {unknown}


   Skills:
 + Level 0.5 Fighting
 + Level 1.0 Short Blades
 + Level 0.8 Throwing
 + Level 4.4 Dodging
 + Level 8.6 Stealth
 + Level 12.7 Spellcasting
 + Level 8.5 Conjurations
 * Level 2.0 Hexes
 + Level 11.0 Translocations


You had 15 spell levels left.
You knew the following spells:

 Your Spells              Type           Power      Damage    Failure   Level
a - Magic Dart            Conj           100%       1d8       1%          1
b - Searing Ray           Conj           100%       3d7       1%          2
c - Iskenderun's Mystic   Conj/Tloc      79%        2d16      1%          4
d - Dazzling Flash        Conj/Hex       100%       N/A       1%          3
e - Foxfire               Conj/Fire      100%       2x1d9     1%          1
f - Fulminant Prism       Conj/Hex       30%        3d16      1%          4
i - Iskenderun's Battles  Conj           75%        2d12      1%          5

Your spell library contained the following spells:

 Spells                   Type           Power      Damage    Failure   Level
 Olgreb's Toxic Radiance  Pois           16%        N/A       10%         4
 Bolt of Magma            Conj/Fire/Erth 23%        4d11      9%          5
 Orb of Destruction       Conj           37%        9d13      22%         7
 Iron Shot                Conj/Erth      27%        9d6       24%         6
 Spellforged Servitor     Conj/Summ      27%        N/A       75%         7


Dungeon Overview and Level Annotations

Branches:
Dungeon (10/15)            Temple (1/1) D:5            Lair (0/6) D:10
 Bailey (visited)
    Orc: D:9-12

Altars:
Ashenzari
Cheibriados
Dithmenos
Elyvilon
Fedhas
Gozag
Hepliaklqana
Kikubaaqudgha
Makhleb
Nemelex Xobeh
Okawaru
Qazlal
Ru
Sif Muna
Trog
Uskayaw
Vehumet
Wu Jian
Xom
Yredelemnul
Zin
The Shining One

Shops:
D:4 [   D:8 (


Innate Abilities, Weirdness & Mutations

You are very small and have problems with some larger weapons.
You are too small for most types of armour.
You have supernaturally acute eyesight. (SInv)
You cover ground extremely quickly. (Speed+++)
You have a pair of small antennae on your head.
You are clumsy. (Dex -2)
Your body sometimes deteriorates upon taking damage.
You have an increased reservoir of magic. (+10% MP)
You are weak. (Str -2)


Message History

Unknown command.
Unknown command.
Unknown command.
Casting: Iskenderun's Battlesphere (dangerous; 1% risk of failure)
Confirm with . or Enter, or press ? or * to list all spells.
Aiming: Magic Dart (safe; 1% risk of failure)
Press: ? - help, Shift-Dir - straight line, f - fire dragon
Aim: a fire dragon (severely wounded, 100% to hit)
You feel a surge of power!
The magic dart hits the fire dragon.
The fire dragon is severely wounded.
Unknown command.
Unknown command.
Unknown command.
Unknown command.
Casting: Magic Dart (safe; 1% risk of failure)
Confirm with . or Enter, or press ? or * to list all spells.
Aiming: Searing Ray (safe; 1% risk of failure)
Press: ? - help, Shift-Dir - straight line, f/p - fire dragon
Aim: a fire dragon (severely wounded, 87% to hit)
You feel a surge of power!
The searing ray hits the fire dragon.
The fire dragon is severely wounded. (Press . to maintain the ray.)
The fire dragon breathes flames at you. The blast of flame misses you.
Unknown command.
Unknown command.
Unknown command.
Unknown command.
Casting: Searing Ray (safe; 1% risk of failure)
Confirm with . or Enter, or press ? or * to list all spells.
Aiming: Searing Ray (safe; 1% risk of failure)
Press: ? - help, Shift-Dir - straight line, f/p - fire dragon
Aim: a fire dragon (severely wounded, catching its breath, 87% to hit)
You feel a surge of power!
The searing ray hits the fire dragon.
The fire dragon is almost dead. (Press . to maintain the ray.)
The fire dragon breathes flames at you. The blast of flame hits you!!!
Ouch! That really hurt!
You die...

. ##### ##.
##...## #..
###..#..## #.#
##...###..##
#.# #*@###
##..#####.#
#.##
##....##.##
###.#
####.#..<.
#...# #....##
# #D### ##..##
...##.##)#####
#.##
#.[......>..#
#.#
####..)#....#
#.#
#....ยง......
#..


You could see a fire dragon (catching breath) and a friendly battlesphere.

Vanquished Creatures
  2 two-headed ogres (D:9)
  A deep elf pyromancer (D:7)
  A cyclops (D:7)
  2 unseen horrors
  A kobold demonologist (D:9)
  A troll (D:9)
  2 slime creatures (D:7)
  A vampire (D:7)
  9 yaks
  2 wraiths (D:7)
  2 steam dragons
  12 orc warriors
  2 ice beasts (D:7)
  2 black bears (D:5)
  4 necrophages
  4 ogres
  2 centaurs
  A kobold brigand (D:7)
  7 bullfrogs
  2 scorpions
  3 wyvern zombies
  A gnoll sergeant (D:9)
  A water moccasin zombie (D:6)
  6 killer bees
  5 wights (D:8)
  A howler monkey (D:4)
  2 centaur zombies
  A bullfrog zombie (D:5)
  A bullfrog skeleton (D:5)
  2 jellies
  2 hounds
  3 gnoll shamans
  An orc priest (D:9)
  2 iguanas
  2 orc wizards
  A scorpion zombie (D:5)
  A hound zombie (D:5)
  A howler monkey zombie (D:8)
  23 gnolls
  2 howler monkey skeletons
  17 adders
  A shadow imp (D:8)
  3 white imps (D:7)
  An adder skeleton (D:4)
  9 dart slugs
  28 orcs
  7 ball pythons
  11 endoplasms
  2 giant cockroaches
  13 goblins
  23 hobgoblins
  4 jackals (D:4)
  2 quokkas
  8 bats
  A frilled lizard (D:1)
  6 kobolds
  7 rats
264 creatures vanquished.

Vanquished Creatures (others)
  An orc (D:10)
1 creature vanquished.

Grand Total: 265 creatures vanquished

Notes
Turn   | Place    | Note
-------+----------+-------------------------------------------
     0 | D:1      | Feb132020 the Spriggan Conjurer began the quest for the
                  | Orb.
     0 | D:1      | Reached XP level 1. HP: 9/9 MP: 5/5
   420 | D:1      | Reached XP level 2. HP: 13/13 MP: 4/6
   630 | D:1      | Found a faded altar of an unknown god.
  1164 | D:1      | Reached skill level 3 in Spellcasting
  1437 | D:2      | Reached XP level 3. HP: 16/16 MP: 8/8
  1845 | D:2      | Found a hide-covered altar of Uskayaw.
  1898 | D:2      | Reached XP level 4. HP: 21/21 MP: 1/10
  2015 | D:2      | Learned a level 2 spell: Searing Ray
  2020 | D:2      | Learned a level 4 spell: Iskenderun's Mystic Blast
  2621 | D:3      | Reached skill level 1 in Translocations
  2779 | D:3      | Reached XP level 5. HP: 24/24 MP: 2/11
  2934 | D:3      | Reached skill level 4 in Spellcasting
  3735 | D:4      | Found Meruap's Antique Armour Boutique.
  3738 | D:4      | Bought an embroidered robe for 88 gold pieces
  4138 | D:4      | Noticed an ogre
  4181 | D:4      | Killed an ogre
  4182 | D:4      | Reached skill level 5 in Spellcasting
  4182 | D:4      | Reached XP level 6. HP: 28/28 MP: 5/14
  4336 | D:5      | Entered Level 5 of the Dungeon
  4751 | D:5      | Reached XP level 7. HP: 32/32 MP: 10/16
  4804 | D:5      | Found a sparkling altar of Nemelex Xobeh.
  4862 | D:5      | Reached skill level 6 in Spellcasting
  5004 | D:5      | Found a staircase to the Ecumenical Temple.
  5085 | D:5      | Reached skill level 5 in Conjurations
  5117 | D:5      | Learned a level 3 spell: Dazzling Flash
  5135 | D:5      | Reached skill level 5 in Translocations
  5150 | Temple   | Entered the Ecumenical Temple
  5366 | Temple   | Became a worshipper of Vehumet
  5433 | D:5      | Found a basalt altar of Yredelemnul.
  5704 | D:5      | Reached skill level 5 in Stealth
  5704 | D:5      | Reached skill level 7 in Spellcasting
  5704 | D:5      | Reached XP level 8. HP: 34/36 MP: 15/19
  5745 | D:6      | Found a stormy altar of Qazlal.
  5745 | D:6      | Found a hide-covered altar of Uskayaw.
  5908 | D:6      | Reached skill level 8 in Spellcasting
  6294 | D:6      | Found a bloodstained altar of Trog.
  6367 | D:6      | Identified the +0 hand axe of Spontaneous Combustion
                  | {vorpal, rC++ Will- Dex+4}
  6381 | D:6      | Found a shimmering blue altar of Sif Muna.
  6384 | D:6      | Found an ancient bone altar of Kikubaaqudgha.
  6403 | D:6      | Found an iron altar of Okawaru.
  6727 | D:7      | Reached skill level 9 in Spellcasting
  6798 | D:7      | Reached XP level 9. HP: 39/39 MP: 13/23
  6951 | D:7      | Reached * piety under Vehumet
  6951 | D:7      | Offered knowledge of Foxfire by Vehumet.
  6956 | D:7      | Learned a level 1 spell: Foxfire
  6956 | D:7      | Noticed a cyclops
  6966 | D:7      | Noticed an unseen horror
  6971 | D:7      | Killed an unseen horror
  6984 | D:7      | Noticed a deep elf pyromancer
  6996 | D:7      | Killed a deep elf pyromancer
  6997 | D:7      | Reached skill level 10 in Spellcasting
  7023 | D:7      | Killed a cyclops
  7389 | D:7      | Reached skill level 11 in Spellcasting
  7404 | D:7      | Reached XP level 10. HP: 21/44 MP: 14/26
  7811 | D:7      | Offered knowledge of Freeze by Vehumet.
  7879 | D:7      | Identified the ring of Elodih {MP+9 Int+6 Slay-5 SInv}
  8107 | D:7      | Gained mutation: Your body sometimes deteriorates upon
                  | taking damage. [potion of mutation]
  8107 | D:7      | Gained mutation: You are weak. (Str -2) [potion of
                  | mutation]
  8107 | D:7      | Gained mutation: You have an increased reservoir of magic.
                  | (+10% MP) [potion of mutation]
  8107 | D:7      | Gained mutation: You have sharp toenails. [potion of
                  | mutation]
  8108 | D:7      | Lost mutation: Your body sometimes deteriorates upon taking
                  | damage. [potion of mutation]
  8108 | D:7      | Lost mutation: You have sharp toenails. [potion of
                  | mutation]
  8108 | D:7      | Gained mutation: Your body sometimes deteriorates upon
                  | taking damage. [potion of mutation]
  8108 | D:7      | Gained mutation: You are clumsy. (Dex -2) [potion of
                  | mutation]
  8108 | D:7      | Gained mutation: You have a pair of small antennae on your
                  | head. [potion of mutation]
  8342 | D:8      | Found a flagged portal.
  8357 | Bailey   | Entered a bailey
  8398 | Bailey   | Reached ** piety under Vehumet
  8472 | Bailey   | Reached skill level 1 in Short Blades
  8730 | Bailey   | Learned a level 4 spell: Fulminant Prism
  8876 | Bailey   | Offered knowledge of Inner Flame by Vehumet.
  8876 | Bailey   | Noticed an orc knight
  8929 | Bailey   | Noticed an orc knight
  9270 | D:8      | Found an ornate altar of the Wu Jian Council.
  9661 | D:8      | Reached *** piety under Vehumet
  9833 | D:8      | Found Mooph's Antique Weapon Emporium.
 10183 | D:9      | Noticed a two-headed ogre
 10201 | D:9      | Killed a two-headed ogre
 10202 | D:9      | Reached skill level 12 in Spellcasting
 10202 | D:9      | Reached skill level 10 in Translocations
 10286 | D:9      | Found a shadowy altar of Dithmenos.
 10393 | D:9      | Reached XP level 11. HP: 48/48 MP: 31/31
 10493 | D:9      | Offered knowledge of Olgreb's Toxic Radiance by Vehumet.
 10500 | D:9      | Learned a level 5 spell: Iskenderun's Battlesphere
 10927 | D:9      | Reached skill level 1 in Hexes
 10931 | D:9      | Noticed a two-headed ogre
 10938 | D:9      | Killed a two-headed ogre
 11101 | D:10     | Entered Level 10 of the Dungeon
 11174 | D:10     | Found a staircase to the Lair.
 11176 | D:10     | Noticed a fire dragon
 11188 | D:10     | Killed from afar by a fire dragon

Illustrated notes

Levels and vault maps discovered:
D:1:      heliophobic_arrival_dark_side_of_the_moon, layout_basic,
          ebering_ecumenical_altar_sacrificial, patterned_corridor
D:2:      layout_loops_ring, basic_altar
D:3:      kennysheep_slugbush, layout_basic, small_statue_intersection,
          kennysheep_flooded_box, st_stairs_9
D:4:      layout_rooms, serial_shops, kennysheep_mini_moat
D:5:      layout_cave_pools, nicolae_overflow_hidden_temple,
          nicolae_overflow_crystal_walls, temple_statues, item_on_display_a
D:6:      layout_rooms, minmay_overflow_temple_star_quad,
          chequers_temple_overflow_statue_of_worship, trog_three_pillars_becter
D:7:      minmay_the_grid_plus_closed [minmay_the_grid_aliased_spiral,
          minmay_the_grid_doors, minmay_the_grid_broken_lines,
          minmay_the_grid_rooms, minmay_the_grid_prize_big_room], layout_basic,
          eino_curves_02, small_statue_intersection
D:8:      layout_basic, kennysheep_mini, serial_shops, shop_statue,
          enter_bailey_6
D:9:      layout_cave_pools, lemuel_doored_altar, st_stairs_7
D:10:     minmay_coctagon, layout_rooms, minmay_lair_entry_lava, enter_trove_0,
          uniq_maurice
Temple:   chequers_temple_sunken

Skill      XL: |  1  2  3  4  5  6  7  8  9 10 11 |
---------------+----------------------------------+-----
Conjurations   | 3 4 5 6 7 8 |  8.5
Spellcasting   | 3 5 7 9 11 12 | 12.7
Dodging        | 3 4 |  4.4
Stealth        | 4 5 6 8 |  8.6
Translocations | 1 2 4 5 6 8 10 11 | 11.0
Short Blades   | 1 |  1.0
Hexes          | 2 |  2.0
Fighting       | |  0.5
Throwing       | |  0.8

Action                   |  1- 3 |  4- 6 |  7- 9 | 10-12 || total
-------------------------+-------+-------+-------+-------++-------
Melee: Dagger            |     9 |     6 |     1 |     5 ||    21
Throw: Dart              |       |       |     1 |     2 ||     3
 Cast: Magic Dart        |    74 |   127 |    64 |   153 ||   418
       Searing Ray       |       |    19 |    49 |    91 ||   159
       Iskenderun's Batt |       |       |       |    10 ||    10
Evoke: Wand              |       |       |       |     2 ||     2
  Use: Potion            |       |     1 |       |     2 ||     3
       Scroll            |       |       |     6 |     9 ||    15
 Stab: Sleeping          |     3 |     2 |     1 |     5 ||    11
Armor: Robe              |     1 |     3 |     1 |     9 ||    14
Dodge: Dodged            |    10 |    15 |    15 |    30 ||    70

Table legend: (Time is in decaauts)
 A = Elapsed time spent in this place.
 B = Non-inter-level travel time spent in this place.
 C = Inter-level travel time spent in this place.
 D = Time resting spent in this place.
 E = Time spent auto-exploring this place.
 F = Levels seen in this place.
 G = Mean time per level.
                   A        B        C        D        E       F      G
               +--------+--------+--------+--------+--------+-----+--------+
         Total |   8832 |   8594 |    238 |     92 |   7006 |  12 |  736.0 |
       Dungeon |   7992 |   7779 |    213 |     92 |   6490 |  10 |  799.2 |
        Temple |    214 |    190 |     24 |      0 |    187 |   1 |  214.0 |
        Bailey |    626 |    626 |      0 |      0 |    328 |   1 |  626.0 |
               +--------+--------+--------+--------+--------+-----+--------+

Top non-repeatable levels by time:
     D:7: 1452 daAuts
     D:3: 1087 daAuts
     D:1: 949 daAuts
     D:5: 883 daAuts
     D:8: 818 daAuts
     D:2: 730 daAuts
     D:4: 700 daAuts
     D:9: 689 daAuts
  Bailey: 626 daAuts
     D:6: 608 daAuts
  Temple: 214 daAuts
    D:10: 71 daAuts
